 Dungeon Crawl Stone Soup version 0.26.1-11-gd32895ea62 (webtiles) character file.

Game seed: 11768173120828010037

138 Groucho the Covert (level 5, -3/25 HPs)
             Began as a Spriggan Brigand on July 6, 2021.
             Slain by an orc warrior
             ... wielding a +0 halberd
              (8 damage)
             ... on level 3 of the Dungeon.
             The game lasted 00:07:06 (3492 turns).

Groucho the Covert (Spriggan Brigand)               Turns: 3492, Time: 00:07:07

Health: -3/25      AC:  3    Str:  8    XL:     5   Next: 1%
Magic:  6/6        EV: 17    Int: 12    God:
Gold:   82         SH:  0    Dex: 18    Spells: 4/4 levels left

rFire    . . .     SeeInvis +   a - +2 dagger
rCold    . . .     Faith    .   (shield restricted)
rNeg     . . .     Spirit   .   b - +0 robe
rPois    .         Reflect  .   (helmet restricted)
rElec    .         Harm     .   c - +0 cloak
rCorr    .         Rampage  .   (gloves unavailable)
Will     .....                  (boots unavailable)
Stlth    ++++......             (no amulet)
HPRegen  0.08/turn              (no ring)
MPRegen  0.10/turn              (no ring)

@: very quick
A: very small, unfitting armour, see invisible, speed 3
a: no special abilities


You were on level 3 of the Dungeon.
You visited 1 branch of the dungeon, and saw 3 of its levels.

You collected 82 gold pieces.

Inventory:

Hand Weapons
 a - a +2 dagger (weapon)
Missiles
 d - 16 poisoned darts (quivered)
 e - 2 curare-tipped darts
 h - 7 boomerangs of dispersal
Armour
 b - a +0 robe (worn)
 c - a +0 cloak (worn)
Jewellery
 k - an uncursed amulet of regeneration {unknown}
Scrolls
 f - 4 scrolls of identify {unknown}
 i - a scroll of enchant weapon {unknown}
 j - a scroll of remove curse {unknown}
 m - 2 scrolls of teleportation {unknown}
 o - 2 scrolls of magic mapping {unknown}
Potions
 g - 2 potions of brilliance {unknown}
 l - a potion of heal wounds {unknown}
 n - a potion of magic {unknown}


   Skills:
 - Level 1.5 Fighting
 + Level 2.2 Short Blades
 - Level 2.0 Throwing
 - Level 1.5 Dodging
 + Level 9.6 Stealth


You had 4 spell levels left.
You didn't know any spells.
Your spell library was empty.

Dungeon Overview and Level Annotations

Branches:
Dungeon (3/15)

Altars:
The Shining One


Innate Abilities, Weirdness & Mutations

You are very small and have problems with some larger weapons.
You are too small for most types of armour.
You have supernaturally acute eyesight. (SInv)
You cover ground extremely quickly.


Message History

The hound is moderately wounded.
The hound bites you.
You barely miss the hound.
The hound is moderately wounded.
The hound bites you. The hound closely misses you.
The orc warrior closely misses you.
You barely miss the hound.
The hound is moderately wounded.
The hound bites you but does no damage.
You barely miss the hound.
The hound is moderately wounded.
The hound completely misses you.
The orc warrior hits you from afar with a +0 halberd!
Ouch! That really hurt!
* * * LOW HITPOINT WARNING * * *
You closely miss the hound.
The hound is moderately wounded.
The hound completely misses you.
The orc warrior hits you from afar with a +0 halberd!
You die...

#.#.#.#####..
#.#.#'#.#.....
#.#..........#
..#.#......###.#
#.#.#........#.#
#.#.#.#+#+##.#.#
#.#.#.#.####.#.#
#.#h#.#......#.#
#.#@#..........#
#.#.###.############
#...o....o...o....o.
###.###..##########.
...# #..##.........
##### #.....#...###o
#.#####.#.# #.
#.......#.# #o
#########.# #(


You could see an orc warrior and a hound.

Vanquished Creatures
  An iguana (D:3)
  4 adders
  An ooze (D:3)
  A worm (D:2)
  3 dart slugs (D:1)
  A leopard gecko (D:1)
  2 orcs (D:3)
  2 ball pythons
  5 giant cockroaches
  8 goblins
  3 hobgoblins
  6 jackals (D:1)
  5 bats
  4 frilled lizards
  A jackal zombie (D:3)
  6 kobolds
  7 rats
60 creatures vanquished.

Notes
Turn   | Place    | Note
-------+----------+-------------------------------------------
     0 | D:1      | Groucho the Spriggan Brigand began the quest for the Orb.
     0 | D:1      | Reached XP level 1. HP: 10/10 MP: 2/2
   199 | D:1      | Reached skill level 6 in Stealth
   252 | D:1      | Reached XP level 2. HP: 11/14 MP: 3/3
   425 | D:1      | Reached skill level 7 in Stealth
   666 | D:1      | Reached XP level 3. HP: 11/18 MP: 4/4
   971 | D:2      | Reached skill level 8 in Stealth
  1802 | D:2      | Reached XP level 4. HP: 22/22 MP: 5/5
  2732 | D:2      | Found a glowing golden altar of the Shining One.
  2877 | D:3      | Reached skill level 9 in Stealth
  3453 | D:3      | Noticed an orc warrior
  3457 | D:3      | Reached XP level 5. HP: 25/25 MP: 6/6
  3492 | D:3      | Slain by an orc warrior

Illustrated notes

Levels and vault maps discovered:
D:1:      dpeg_arrival_castle, layout_loops_ring, hangedman_decor_riveting
D:2:      layout_loops_ring, chequers_mini_garden, nrook_mini_backslash,
          tso_altar
D:3:      layout_basic

Skill      XL: |  1  2  3  4 |
---------------+-------------+-----
Stealth        | 6 7 8 9 |  9.6
Fighting       | |  1.5
Short Blades   | |  2.2
Throwing       | |  2.0
Dodging        | |  1.5

Action                   |  1- 3 |  4- 6 || total
-------------------------+-------+-------++-------
Melee: Dagger            |   106 |    52 ||   158
Throw: Dart              |    29 |    21 ||    50
 Stab: Sleeping          |    11 |    10 ||    21
       Distracted        |     1 |       ||     1
Armor: Robe              |    13 |     4 ||    17
Dodge: Dodged            |    99 |    29 ||   128
